 Dungeon Crawl Stone Soup version 0.31-a0-965-g8a8ce12e04 (webtiles) character file.

Game seed: 5203573422088379442

82 chunkyMonkey the Trooper (level 4, 0/50 HPs)
             Began as an Ogre Fighter on Oct 26, 2023.
             Killed from afar by Natasha (3 damage)
             ... with a magic dart
             ... on level 2 of the Dungeon.
             The game lasted 00:02:04 (1268 turns).

chunkyMonkey the Trooper (Ogre Fighter)             Turns: 1268, Time: 00:02:05

Health: 0/50       AC:  3    Str: 22    XL:     4   Next: 43%
Magic:  4/4        EV:  8    Int:  9    God:
Gold:   60         SH:  7    Dex:  8    Spells: 3/3 levels left

rFire   . . .        a - +0 war axe
rCold   . . .        c - +0 kite shield
rNeg    . . .        b - +0 robe
rPois   .            (helmet restricted)
rElec   .            (no cloak)
rCorr   .            (gloves unavailable)
SInv    .            (boots unavailable)
Will    .....        (no amulet)
Stlth   +            (no ring)
HPRegen 0.28/turn    (no ring)
MPRegen 0.09/turn

%: no passive effects
@: mighty
A: large, unfitting armour, tough skin 1
a: no special abilities


You were on level 2 of the Dungeon.
You visited 1 branch of the dungeon, and saw 2 of its levels.

You collected 60 gold pieces.

Inventory:

Hand Weapons
 a - a +0 war axe (weapon)
 l - a +2 dagger of freezing
Armour
 b - a +0 robe (worn)
 c - a +0 kite shield (worn)
Scrolls
 h - a scroll of identify
 j - a scroll of revelation
 k - a scroll of teleportation {unknown}
Potions
 e - a potion of invisibility {unknown}
 f - a potion of attraction {unknown}
 g - a potion of degeneration {unknown}


   Skills:
 * Level 5.0 Fighting
 * Level 3.0(3.1) Axes
 + Level 1.1(2.2) Polearms
 - Level 3.0 Dodging
 + Level 3.3 Shields


You had 3 spell levels left.
You didn't know any spells.
Your spell library was empty.

Dungeon Overview and Level Annotations

Branches:
Dungeon (2/15)

Altars:
Xom

Annotations:
D:2 Natasha


Innate Abilities, Weirdness & Mutations

You are too large for most types of armour.
You have tough skin. (AC +1)


Message History

Natasha is heavily wounded.
You slash the cerulean imp!
You kill the cerulean imp!
The cerulean imp disappears in a puff of smoke!
You block Natasha's attack. Natasha claws you.
* * * LOW HITPOINT WARNING * * *
You barely miss Natasha.
Natasha is heavily wounded.
You block Natasha's attack.
Natasha stares at you and mumbles some strange words.
You feel as though you will be slow longer.
Unknown command.
You slash Natasha!
You kill Natasha!
Natasha growls in agony!
Your Fighting skill increases to level 5!
Your Axes skill increases to level 3!
You start resting.
Natasha, Servant of Life and Death comes into view.
Natasha is nearby!
Natasha is nearby!
Natasha is nearby!
Natasha hisses angrily.
Natasha stares at you and mumbles some strange words.
The magic dart hits you.
* * * LOW HITPOINT WARNING * * *
Natasha casts a spell at you. The magic dart hits you!
* * * LOW HITPOINT WARNING * * *
As you read the scroll labelled TOCEM WUTEE, it crumbles to dust.
It is a scroll of identify.
j - a scroll of revelation
As you read the scroll labelled HILIF CUIRPH, it crumbles to dust.
It is a scroll of amnesia.
You feel forgetful for a moment.
You feel yourself speed up.
Natasha stares at you and mumbles some strange words.
The magic dart hits you.
You die...
Natasha curls up and begins to purr.

#.## ##......###.#
#.# #........h.##
#.## ##.####.......
##.###.#####.......
##........#....^..
##.h####.#.......
#....h...........
#.#####.#........
#@# #..........
#.#####..#......#
#......#........##
#.#####.##..._...#
#.# #.......# #.#
#.......# #.#
...#####.. #.# #
#.# #.# #.#####.#


You could see Natasha.

Vanquished Creatures
  Natasha (D:2)
  3 dart slugs (D:1)
  2 ball pythons (D:1)
  10 endoplasms (D:1)
  2 giant cockroaches (D:1)
  7 hobgoblins
  3 quokkas
  2 bats (D:1)
  2 frilled lizards (D:1)
  4 goblins (D:1)
  7 kobolds
  A rat (D:2)
44 creatures vanquished.

Notes
Turn   | Place    | Note
-------+----------+-------------------------------------------
     0 | D:1      | chunkyMonkey the Ogre Fighter began the quest for the Orb.
     0 | D:1      | Reached XP level 1. HP: 24/24 MP: 1/1
   153 | D:1      | Reached XP level 2. HP: 30/32 MP: 2/2
   340 | D:1      | Reached XP level 3. HP: 40/40 MP: 3/3
   696 | D:1      | Found a faded altar of an unknown god.
  1152 | D:2      | Found a shimmering altar of Xom.
  1208 | D:2      | Reached skill level 1 in Polearms
  1210 | D:2      | Reached XP level 4. HP: 49/49 MP: 4/4
  1236 | D:2      | Noticed Natasha
  1252 | D:2      | Killed Natasha
  1253 | D:2      | Reached skill level 5 in Fighting
  1262 | D:2      | Noticed Natasha
  1265 | D:2      | HP: 2/50 [Natasha/magic dart (8)]
  1268 | D:2      | Killed from afar by Natasha

Illustrated notes

Levels and vault maps discovered:
D:1:      ldierk_walled_garden, layout_loops_corners,
          hellmonk_ecumenical_altar_defaced_shrine, nicolae_the_louvre
D:2:      layout_loops_ring, basic_altar, uniq_natasha

Skill      XL: |  1  2  3  4 |
---------------+-------------+-----
Dodging        | 3 |  3.0
Polearms       | 1 |  1.1
Fighting       | 5 |  5.0
Axes           | 3 |  3.0
Shields        | |  3.3

Action                     |  1- 3 |  4- 6 || total
---------------------------+-------+-------++-------
  Melee: War axe           |    92 |     9 ||   101
    Use: Scroll            |       |     2 ||     2
         Potion            |       |     1 ||     1
 Armour: Robe              |    59 |    14 ||    73
  Dodge: Dodged            |    37 |     6 ||    43
  Block: Kite shield       |    37 |     5 ||    42

Table legend: (Time is in decaauts)
 A = Elapsed time spent in this place.
 B = Non-inter-level travel time spent in this place.
 C = Inter-level travel time spent in this place.
 D = Time resting spent in this place.
 E = Time spent auto-exploring this place.
 F = Levels seen in this place.
 G = Mean time per level.
                   A        B        C        D        E       F      G
               +--------+--------+--------+--------+--------+-----+--------+
         Total |   1336 |   1278 |     58 |    115 |    872 |   2 |  668.0 |
       Dungeon |   1336 |   1278 |     58 |    115 |    872 |   2 |  668.0 |
               +--------+--------+--------+--------+--------+-----+--------+

Top non-repeatable levels by time:
     D:1: 1138 daAuts
     D:2: 197 daAuts
